 Dungeon Crawl Stone Soup version 0.23.2-33-g5129a83184 (webtiles) character file.

Game seed: 4521685567088653273

34 Revguard the Stinger (level 3, 0/33 HPs)
             Began as an Ogre Venom Mage on July 20, 2019.
             Slain by an adder (3 damage)
             ... on level 2 of the Dungeon.
             The game lasted 00:05:11 (1522 turns).

Revguard the Stinger (Ogre Venom Mage)              Turns: 1522, Time: 00:05:14

Health: 0/33       AC:  3    Str: 17    XL:     3   Next: 31%
Magic:  0/7        EV: 10    Int: 16    God:
Gold:   76         SH:  0    Dex: 10    Spells: 1/7 levels left

rFire    . . .     SeeInvis .   d - +0 club
rCold    . . .     Gourm    .   (no shield)
rNeg     . . .     Faith    .   a - +0 robe
rPois    .         Spirit   .   (helmet restricted)
rElec    .         Reflect  .   (no cloak)
rCorr    .         Harm     .   (gloves unavailable)
MR       .....                  (boots unavailable)
Stlth    +++.......             (no amulet)
HPRegen  0.11/turn              b - ring of stealth
MPRegen  0.10/turn              (no ring)

@: mighty, lethally poisoned (0 -> -5), very slightly contaminated
A: large, unfitting armour, tough skin 1
a: no special abilities


You were on level 2 of the Dungeon.
You were near starving.

You visited 1 branch of the dungeon, and saw 2 of its levels.

You collected 76 gold pieces.

Inventory:

Hand Weapons
 d - a +0 club (weapon)
Armour
 a - a +0 robe (worn)
Jewellery
 b - a ring of stealth (left hand)
Scrolls
 f - 2 scrolls of teleportation {unknown}
 g - 2 scrolls of identify {unknown}
Potions
 h - a potion of degeneration {unknown}
Comestibles
 c - 2 rations


   Skills:
 * Level 1.4 Fighting
 * Level 0.1 Maces & Flails
 + Level 2.0 Dodging
 - Level 1.4 Stealth
 + Level 2.7 Spellcasting
 + Level 1.1 Conjurations
 + Level 3.2 Poison Magic


You had one spell level left.
You knew the following spells:

 Your Spells              Type           Power        Failure   Level  Hunger
a - Sting                 Conj/Pois      #...         8%          1    #......
b - Poisonous Vapours     Pois/Air       #.....       14%         2    ##.....
c - Mephitic Cloud        Conj/Pois/Air  #.......     32%         3    ###....

Your spell library contained the following spells:

 Spells                   Type           Power        Failure   Level  Hunger
 Olgreb's Toxic Radiance  Pois           ##......     45%         4    #####..
 Venom Bolt               Conj/Pois      #.........   91%         5    ######.


Dungeon Overview and Level Annotations

Branches:
Dungeon (2/15)

Altars:


Innate Abilities, Weirdness & Mutations

You are too large for most types of armour.
You have tough skin. (AC +1)


Message History

The adder is lightly wounded.
The adder barely misses you.
You closely miss the adder.
The adder is lightly wounded.
The adder bites you.
* * * LOW HITPOINT WARNING * * *
The adder bites you.
* * * LOW HITPOINT WARNING * * *
You are poisoned.
The adder poisons you!
It was a potion of might.
You feel very mighty all of a sudden.
You feel sick. The adder completely misses you.
You hit the adder.
The adder is heavily wounded.
The adder bites you.
* * * LOW HITPOINT WARNING * * *
You are lethally poisoned!
The adder poisons you! The adder bites you.
You die...

######
######....#
#...#.....###.
#.............
#.. #.....#
#..###@..#
#...##S###
#.#<##.#
#.#.##.####
#.........#
###.#.....#
#.......#
#.#.....#
.........#


You could see an adder.

Vanquished Creatures
  A worm (D:2)
  A dart slug (D:1)
  A leopard gecko (D:2)
  A ball python (D:1)
  A bat (D:1)
  2 giant cockroaches (D:1)
  5 hobgoblins (D:1)
  4 jackals (D:1)
  4 goblins (D:1)
  A kobold (D:1)
  3 rats (D:1)
24 creatures vanquished.

Notes
Turn   | Place    | Note
-------+----------+-------------------------------------------
     0 | D:1      | Revguard the Ogre Venom Mage began the quest for the Orb.
     0 | D:1      | Reached XP level 1. HP: 16/16 MP: 3/3
   211 | D:1      | Reached skill level 1 in Conjurations
   293 | D:1      | Reached XP level 2. HP: 21/26 MP: 0/5
   384 | D:1      | Reached skill level 3 in Poison Magic
   407 | D:1      | Reached skill level 1 in Fighting
   591 | D:1      | Learned a level 2 spell: Poisonous Vapours
   877 | D:1      | Reached XP level 3. HP: 32/33 MP: 1/6
   929 | D:1      | Learned a level 3 spell: Mephitic Cloud
  1522 | D:2      | Slain by an adder

Skill      XL: |  1  2 |
---------------+-------+-----
Conjurations   | 1 |  1.1
Poison Magic   | 3 |  3.2
Fighting       | 1 |  1.4
Dodging        | 2 |  2.0
Maces & Flails | |  0.1
Stealth        | |  1.4
Spellcasting   | |  2.7

Action                   || total
-------------------------++-------
Melee: Unarmed           ||    31
       Club              ||    30
 Cast: Sting             ||    31
       Poisonous Vapours ||    10
       Mephitic Cloud    ||     1
  Use: Potion            ||     1
  Eat: Chunk             ||     1
Armor: Robe              ||    13
Dodge: Dodged            ||    29
